 Dungeon Crawl Stone Soup version 0.28-a0-1087-gf3fc490d9d (webtiles) character file.

Game seed: 4020234701646638678

1838 meatgazer the Distorting Demonspawn (level 8, -1/67 HPs)
             Began as a Demonspawn Abyssal Knight on Dec 10, 2021.
             Was a Believer of Lugonu.
             Slain by a killer bee (5 damage)
             ... on level 7 of the Dungeon.
             The game lasted 00:10:28 (9726 turns).

meatgazer the Distorting Demonspawn (DsAK)          Turns: 9726, Time: 00:10:29

Health: -1/67      AC:  8    Str: 16    XL:     8   Next: 87%
Magic:  23/23      EV: 15    Int: 20    God:    Lugonu [**....]
Gold:   188        SH:  5    Dex: 14    Spells: 7/7 levels left

rFire   . . .      SeeInvis .   a - +1 spear
rCold   . . .      Faith    .   (no shield)
rNeg    . . .      Spirit   .   c - +2 ring mail of the Guava {MP+9 Int+3}
rPois   .          Reflect  +   (no helmet)
rElec   .          Harm     .   (no cloak)
rCorr   .          Rampage  .   h - +0 pair of gloves
Will    .....                   (no boots)
Stlth   +.........              d - amulet of reflection
HPRegen 0.21/turn               g - +4 ring of evasion
MPRegen 0.18/turn               i - +6 ring of intelligence

@: no status effects
A: hooves 2, demonic guardian 1, sturdy frame 1, demonic magic 1
a: Renounce Religion, Depart the Abyss, Bend Space


You were on level 7 of the Dungeon.
You worshipped Lugonu.
Lugonu was pleased with you.
You visited 1 branch of the dungeon, and saw 7 of its levels.
You visited the Abyss 1 time.

You collected 188 gold pieces.

Inventory:

Hand Weapons
 a - a +1 spear (weapon)
 j - a +1 trident of freezing
 r - the +7 arbalest of the Median {freeze, Str+2}
   (You found it on level 7 of the Dungeon)

   Any ammunition fired from it freezes those it strikes, dealing additional
   cold damage.
   It can also slow down cold-blooded creatures.
   Str:       It affects your strength (+2).
Armour
 c - the +2 ring mail of the Guava (worn) {MP+9 Int+3}
   (You found it on level 2 of the Abyss)

   Int:       It affects your intelligence (+3).
   MP:        It affects your magic capacity (+9).
 h - a +0 pair of gloves (worn)
 q - a +0 cloak
Jewellery
 b - a ring of ice
 d - an amulet of reflection (around neck)
 g - a +4 ring of evasion (left hand)
 i - a +6 ring of intelligence (right hand)
Wands
 f - a wand of flame (17)
 k - a wand of polymorph (10)
 n - a wand of paralysis (4)
Scrolls
 l - 2 scrolls of fog
 o - 2 scrolls of identify
Potions
 e - a potion of curing
 m - 2 potions of attraction


   Skills:
 + Level 7.2 Fighting
 + Level 6.3 Polearms
 - Level 2.0 Armour
 - Level 1.0 Dodging
 + Level 8.9 Invocations


You had 7 spell levels left.
You didn't know any spells.
Your spell library was empty.

Dungeon Overview and Level Annotations

Branches:
Dungeon (7/15)             Temple (0/1) D:4

Altars:
Trog
Uskayaw
Vehumet
Zin
The Shining One

Shops:
D:7 *=


Innate Abilities, Weirdness & Mutations

You have hoof-like feet.
A weak demonic guardian rushes to your aid.
Your movements are slightly less encumbered by armour. (ER -2)
Spells you cast may paralyse adjacent enemies.


Message History

The killer bee barely misses you. The killer bee misses you.
The killer bee closely misses you.
You feel very sick. The killer bee stings you.
* * * LOW HITPOINT WARNING * * *
The killer bee barely misses you. The killer bee stings you.
* * * LOW HITPOINT WARNING * * *
You feel much better.
You feel sick. The killer bee stings you.
You are more poisoned.
The killer bee poisons you! You block the killer bee's attack.
The killer bee closely misses you. The killer bee stings you.
You feel better.
The killer bee stings you. x2; The killer bee stings you!
* * * LOW HITPOINT WARNING * * *
You are poisoned.
The killer bee poisons you! You block the killer bee's attack.
The killer bee closely misses you. x2
You feel very sick. The killer bee closely misses you.
The killer bee stings you.
* * * LOW HITPOINT WARNING * * *
A demonic guardian appears!
You block the killer bee's attack.
* * * LOW HITPOINT WARNING * * *
You feel sick. The killer bee completely misses you.
The killer bee stings something.
The killer bee poisons something!
The killer bee closely misses you.
* * * LOW HITPOINT WARNING * * *
You feel sick.
The killer bee stings something.
You closely miss the killer bee. Your kick misses the killer bee.
* * * LOW HITPOINT WARNING * * *
You feel sick. The killer bee stings you.
* * * LOW HITPOINT WARNING * * *
The killer bee misses something.
You block the killer bee's attack.
Unknown command.
You feel better. You block the killer bee's attack. x2
As you read the scroll of fog, it crumbles to dust.
The scroll dissolves into smoke.
The killer bee stings you.
* * * LOW HITPOINT WARNING * * *
The killer bee barely misses you.
The killer bee stings you but does no damage.
The killer bee stings you.
You die...

........#..............###
...............#.#.......
#............# ..>....
.###............###.......
.....?.<..................
...#....#.##.........).....
#......######...........
##....§#####.............
#.>...§y@yy.#.)........).
.......§y##§.#............
........§§.5...............
..###................#.....
##.#.#.......(.........
#..###................. #..
#.....##.##....... #.
#....##...........
###......#........


You could see 4 killer bees.

Vanquished Creatures
  Sigmund (D:3)
  3 sky beasts (D:6)
  A hornet zombie (D:7)
  A black bear (D:7)
  A centaur (D:3)
  A phantom (D:4)
  A bullfrog (D:7)
  A gnoll sergeant (D:6)
  3 wights (D:6)
  An electric eel (D:6)
  A gnoll shaman (D:5)
  A centaur skeleton (D:7)
  A centaur zombie (D:5)
  5 orc priests
  A hound (D:4)
  A bullfrog skeleton (D:6)
  An iguana (D:3)
  3 orc wizards
  A scorpion zombie (D:5)
  8 gnolls
  6 adders
  A white imp (D:5)
  An adder zombie (D:5)
  A worm (D:4)
  2 dart slugs
  21 orcs
  4 ball pythons
  4 bats
  3 endoplasms
  5 giant cockroaches
  5 goblins
  3 hobgoblins
  5 jackals
  7 kobolds
  6 quokkas
  2 frilled lizards
  2 rats
115 creatures vanquished.

Vanquished Creatures (collateral kills)
  An ogre (D:4)
  A hound (D:4)
2 creatures vanquished.

Vanquished Creatures (others)
  An orc wizard (D:3)
1 creature vanquished.

Grand Total: 118 creatures vanquished

Notes
Turn   | Place    | Note
-------+----------+-------------------------------------------
     0 | Abyss:1  | meatgazer the Demonspawn Abyssal Knight began the quest for
                  | the Orb.
     0 | Abyss:1  | Reached XP level 1. HP: 18/18 MP: 2/2
   136 | Abyss:2  | Found a blossoming altar of Fedhas.
   146 | Abyss:2  | Noticed a wretched star
   176 | Abyss:2  | Noticed a purple very ugly thing
   178 | Abyss:2  | Identified the +2 ring mail of the Guava {MP+9 Int+3}
   188 | Abyss:2  | Noticed a small abomination
   200 | D:1      | Escaped the Abyss
   612 | D:1      | Reached skill level 1 in Dodging
   725 | D:1      | Gained mutation: A weak demonic guardian rushes to your
                  | aid. [demonic ancestry]
   725 | D:1      | Reached XP level 2. HP: 16/24 MP: 4/4
  1233 | D:1      | Reached * piety under Lugonu
  1234 | D:1      | Reached skill level 3 in Invocations
  1530 | D:2      | You fall into a shaft and drop 2 floors!
  1539 | D:4      | Noticed an ogre
  1540 | D:4      | Gained mutation: Your movements are slightly less
                  | encumbered by armour. (ER -2) [demonic ancestry]
  1540 | D:4      | Reached XP level 3. HP: 22/29 MP: 5/5
  1548 | D:4      | Killed an ogre
  1549 | D:4      | Reached skill level 4 in Invocations
  1549 | D:4      | Gained mutation: You have large cloven feet. [demonic
                  | ancestry]
  1549 | D:4      | Reached XP level 4. HP: 10/37 MP: 7/7
  1549 | D:4      | Reached XP level 5. HP: 12/42 MP: 8/8
  1569 | D:4      | Noticed a phantom
  1578 | D:4      | Killed a phantom
  2728 | D:3      | Reached skill level 5 in Invocations
  2879 | D:3      | Reached XP level 6. HP: 49/49 MP: 9/9
  3039 | D:3      | Reached ** piety under Lugonu
  3373 | D:3      | Found a faded altar of an unknown god.
  3394 | D:3      | Noticed Sigmund
  3405 | D:3      | Killed Sigmund
  3406 | D:3      | Reached skill level 5 in Fighting
  3406 | D:3      | Reached skill level 6 in Invocations
  3406 | D:3      | Gained mutation: Spells you cast may paralyse adjacent
                  | enemies. [demonic ancestry]
  3406 | D:3      | Reached XP level 7. HP: 52/56 MP: 11/11
  4227 | D:4      | Found a staircase to the Ecumenical Temple.
  5205 | D:4      | Found a bloodstained altar of Trog.
  5467 | D:5      | Entered Level 5 of the Dungeon
  6319 | D:5      | Reached skill level 7 in Invocations
  6342 | D:5      | Reached skill level 5 in Polearms
  6578 | D:5      | Found a hide-covered altar of Uskayaw.
  7111 | D:6      | Gained mutation: You have hoof-like feet. [demonic
                  | ancestry]
  7111 | D:6      | Reached XP level 8. HP: 50/64 MP: 13/13
  8260 | D:6      | Reached skill level 8 in Invocations
  9409 | D:7      | Found Riheuni's General Store.
  9415 | D:7      | Found Doizami's Jewellery Shoppe.
  9623 | D:7      | Found a radiant altar of Vehumet.
  9695 | D:7      | Identified the +7 arbalest of the Median {freeze, Str+2}
  9724 | D:7      | HP: 1/67 [killer bee (3)]
  9726 | D:7      | Slain by a killer bee

Illustrated notes

Levels and vault maps discovered:
D:1:      dpeg_arrival_round_c, layout_basic, nrook_campfire,
          minmay_misc_feat_ornament, minmay_quantized
D:2:      layout_loops_ring, minmay_misc_feat_doors
D:3:      layout_basic, hellmonk_ecumenical_altar_pennies_from_heaven,
          uniq_sigmund
D:4:      layout_loops_cross, kennysheep_little_box,
          minmay_temple_entry_statues_pillars
D:5:      layout_basic, mainiacjoe_overflow_catwalk, serial_co_window_serial,
          co_window_of_opportunity_a, co_window_paths_b,
          co_window_of_opportunity_a, co_window_corner_a, co_window_paths_a,
          co_window_paths_b, co_window_corner_a, co_window_corner_cb,
          co_window_unsneaky_path_b, co_window_cross_2,
          co_window_unsneaky_path_e, co_window_broadway_a, co_window_broadway_c
D:6:      layout_loops_corners, tso_oasis_becter, zin_treasury,
          portal_sewer_entry_e, kennysheep_crisscross
D:7:      layout_cave_pools, nicolae_vehumet_radiance, serial_shops,
          nicolae_shop_trees, nicolae_shop_behind_doors, shop_fountains,
          uniq_duvessa

Skill      XL: |  1  2  3  4  5  6  7  8 |
---------------+-------------------------+-----
Dodging        | 1 |  1.0
Polearms       | 2 3 4 5 6 |  6.3
Armour         | 2 |  2.0
Invocations    | 3 4 5 6 7 8 |  8.9
Fighting       | 4 5 6 7 |  7.2

Action                   |  1- 3 |  4- 6 |  7- 9 || total
-------------------------+-------+-------+-------++-------
Melee: Spear             |    93 |   183 |   409 ||   685
       Kick              |       |    55 |   103 ||   158
Invok: Depart the Abyss  |     1 |       |       ||     1
Evoke: Wand              |       |       |     9 ||     9
  Use: Scroll            |     3 |     3 |    10 ||    16
       Potion            |       |     2 |     4 ||     6
 Stab: Sleeping          |       |     1 |       ||     1
Armor: Ring mail         |    30 |    37 |    87 ||   154
Dodge: Dodged            |    43 |   100 |   256 ||   399
Block: Other             |       |       |    91 ||    91

Table legend: (Time is in decaauts)
 A = Elapsed time spent in this place.
 B = Non-inter-level travel time spent in this place.
 C = Inter-level travel time spent in this place.
 D = Time resting spent in this place.
 E = Time spent auto-exploring this place.
 F = Levels seen in this place.
 G = Mean time per level.
                   A        B        C        D        E       F      G
               +--------+--------+--------+--------+--------+-----+--------+
         Total |   9652 |   9306 |    346 |   3461 |   4706 |   9 | 1072.4 |
       Dungeon |   9453 |   9107 |    346 |   3461 |   4557 |   7 | 1350.4 |
         Abyss |    199 |    199 |      0 |      0 |    149 |   2 |   99.5 |
               +--------+--------+--------+--------+--------+-----+--------+

Top non-repeatable levels by time:
     D:4: 2296 daAuts
     D:6: 1856 daAuts
     D:5: 1661 daAuts
     D:3: 1520 daAuts
     D:1: 1206 daAuts
     D:2: 590 daAuts
     D:7: 320 daAuts
 Abyss:2: 143 daAuts
 Abyss:1: 56 daAuts
